AoeStats
← gooner

Arena

507359628Analyzed
2v2 RM · 15d ago on Sep 17, 2026· 72m 28s· 4 players
Game mode
Random Map
Map size
Medium (4 player)
Population
200
Speed
Normal
Resources
Standard
Victory
Conquest
Starting age
Dark Age
Ending age
Imperial Age
RankedLock teamsTeams togetherTeam positionsShared explorationLock speedFull tech treeHidden civsTurbo modeCheats
Victory
Defeat
🇮🇳 Mongols · India
692
+13
🇮🇳 Saracens · India
691
+13
🇪🇸 Franks · Spain
670
-14
🇪🇸 Mongols · Spain
603
-12
gooner
12:13 Feudal Age
12:10 Loom
12:43 Double-Bit Axe
12:40 Horse Collar
21:06 Castle Age
19:05 Gold Mining
19:07 Stone Mining
19:29 Fletching
23:03 Bow Saw
22:55 Heavy Plow
22:29 Pikeman
23:46 Bodkin Arrow
23:52 Padded Archer Armor
24:30 Bloodlines
25:27 Ballistics
25:58 Stone Shaft Mining
27:02 Husbandry
27:19 Forging
28:23 Scale Barding Armor
28:26 Light Cavalry
30:18 Fervor
37:05 Imperial Age
35:29 Gold Shaft Mining
35:20 Masonry
35:58 Wheelbarrow
36:34 Fortified Wall
37:02 Iron Casting
36:49 Chain Barding Armor
37:37 Leather Archer Armor
38:38 Bracer
38:47 Thumb Ring
39:08 Parthian Tactics
40:29 Chemistry
39:35 Siege Engineers
39:21 Elite Steppe Lancer
41:55 Conscription
41:02 Heavy Camel Rider
42:16 Hand Cart
42:56 Drill
43:45 Blast Furnace
43:29 Squires
42:53 Elite Mangudai
42:59 Elite Mangudai
45:25 Scale Mail Armor
46:22 Chain Mail Armor
46:06 Murder Holes
45:37 Hussar
49:21 Onager
50:21 Caravan
50:41 Town Watch
51:15 Siege Onager
53:21 Plate Mail Armor
52:16 Elite Skirmisher
53:03 Town Patrol
60:25 Hoardings
66:05 Nomads
OdenKuttan
2:02 Loom
15:12 Feudal Age
16:28 Man-at-Arms
24:35 Wheelbarrow
26:53 Castle Age
25:20 Town Watch
25:30 Horse Collar
25:51 Double-Bit Axe
29:08 Pikeman
31:28 Squires
33:43 Treadmill Crane
34:46 Fortified Wall
36:24 Scale Barding Armor
36:14 Fletching
38:04 Murder Holes
38:30 Ballistics
38:45 Bow Saw
40:32 Masonry
40:36 Heavy Plow
45:25 Imperial Age
44:49 Thumb Ring
45:35 Padded Archer Armor
45:34 Bodkin Arrow
46:00 Chain Barding Armor
45:51 Forging
46:41 Hand Cart
47:18 Conscription
46:35 Crossbowman
48:59 Arbalester
50:04 Bloodlines
49:15 Light Cavalry
51:31 Elite Skirmisher
51:49 Hussar
53:56 Plate Barding Armor
53:57 Iron Casting
53:23 Bracer
53:39 Leather Archer Armor
56:09 Capped Ram
57:12 Caravan
57:52 Husbandry
59:25 Siege Ram
59:50 Elite Mameluke
60:43 Bimaristan
63:47 Blast Furnace
63:18 Ring Archer Armor
73:04 Chemistry
72:10 Siege Engineers
71:53 Arrowslits
Barreplayas
2:33 Loom
11:12 Feudal Age
11:38 Double-Bit Axe
13:11 Wheelbarrow
23:52 Castle Age
23:27 Gold Mining
24:04 Scale Barding Armor
24:55 Hand Cart
24:54 Bow Saw
25:34 Gold Shaft Mining
25:56 Stone Mining
27:46 Chain Barding Armor
27:30 Husbandry
29:28 Town Watch
34:22 Imperial Age
34:42 #83
34:22 Cavalier
36:55 Conscription
37:41 Plate Barding Armor
37:16 Padded Archer Armor
37:31 Forging
38:01 Chivalry
38:12 Caravan
39:16 Town Patrol
41:10 Hoardings
41:54 Paladin
44:52 Scale Mail Armor
45:16 Elite Throwing Axeman
50:45 Chain Mail Armor
51:07 Iron Casting
62:40 Fletching
63:50 Blast Furnace
65:43 Bodkin Arrow
McVainas
0:39 Loom
11:46 Feudal Age
14:40 Double-Bit Axe
16:10 Gold Mining
16:35 Horse Collar
19:16 Wheelbarrow
19:25 Stone Mining
25:09 Castle Age
25:55 Caravan
27:50 Bow Saw
32:53 Ballistics
33:18 Heavy Plow
34:41 Hand Cart
37:51 Imperial Age
36:04 Forging
36:09 Bloodlines
36:07 Husbandry
38:32 Iron Casting
39:45 Chemistry
39:44 Hand Cart
40:36 Conscription
40:50 Town Watch
42:09 Blast Furnace
40:59 Fletching
41:09 Padded Archer Armor
41:45 Drill
41:29 Nomads
42:38 Gold Shaft Mining
42:39 Stone Shaft Mining
44:05 Town Patrol
46:10 Hoardings
45:16 Onager
47:27 Bodkin Arrow
47:47 Leather Archer Armor
47:37 Scale Barding Armor
47:33 Scale Mail Armor
48:43 Careening
48:54 Shipwright
48:45 Masonry
49:41 Elite Mangudai
51:07 Bracer
51:27 Chain Barding Armor
58:40 Siege Onager
Connection lost

Rejoining the realm…

Still unreachable

The connection could not be restored.

Session expired

The server has moved on; the page needs a fresh start.